 Dungeon Crawl Stone Soup version 0.18.1-48-g4cf74bf (console) character file.

2207 Kloppie the Spear-Bearer (level 9, -18/112 HPs)
             Began as a Merfolk Berserker on Sept 4, 2016.
             Was an Elder of Trog.
             Killed by the air
             ... invoked by Gastronok
              (34 damage)
             ... on level 8 of the Dungeon.
             The game lasted 00:11:38 (9541 turns).

Kloppie the Spear-Bearer (Merfolk Berserker)        Turns: 9541, Time: 00:11:39

Health: -18/112    AC:  8    Str: 22    XL:     9   Next: 34%
Magic:  0/9        EV: 13    Int:  6    God:    Trog [****..]
Gold:   7          SH:  0    Dex: 17    Spells: 0 memorised, 8 levels left

rFire  . . .     SeeInvis .     a - +0 spear
rCold  + . .     Gourm    .     n - +0 scale mail
rNeg   . . .     Faith    .     (no shield)
rPois  .         Spirit   +     x - +0 helmet
rElec  .         Dismiss  .     (no cloak)
rCorr  .         Reflect  .     q - +0 pair of gloves
SustAt .         Harm     .     (no boots)
MR     ++...                    w - amulet of guardian spirit
Stlth  ..........               (no ring)
                                m - ring of protection from cold

@: berserking (expiring), regenerating, slowed, very resistant to hostile
enchantments, extremely unstealthy
A: change form in water, swift swim
a: Berserk, Trog's Hand, Brothers in Arms, Burn Spellbooks, Renounce Religion


You were on level 8 of the Dungeon.
You worshipped Trog.
Trog was greatly pleased with you.
You were hungry.

You visited 1 branch of the dungeon, and saw 8 of its levels.
You also visited: Sewer.

You collected 7 gold pieces.

Inventory:

Hand Weapons
 a - a +0 spear (weapon)
Armour
 n - a +0 scale mail (worn)
 q - a +0 pair of gloves (worn)
 x - a +0 helmet (worn)
Jewellery
 g - an uncursed amulet of the gourmand {unknown}
 m - a ring of protection from cold (left hand)
 w - an amulet of guardian spirit (around neck)
Wands
 c - a wand of lightning (7/15)
Scrolls
 b - a scroll of recharging {unknown}
 d - a scroll of amnesia {unknown}
 e - 2 scrolls of fear {unknown}
 h - 2 scrolls of noise {unknown}
 j - 4 scrolls of magic mapping {unknown}
 p - 4 scrolls of remove curse {unknown}
 r - a scroll of enchant weapon {unknown}
 u - 4 scrolls of teleportation {unknown}
 y - 2 scrolls of fog {unknown}
 F - a scroll of blinking {unknown}
 G - a scroll of immolation {unknown}
 H - 4 scrolls of random uselessness {unknown}
Potions
 f - 4 potions of curing
 i - a potion of might
 k - 3 potions of berserk rage
 t - a potion of cure mutation
 C - 5 potions of flight
 E - 3 potions of brilliance
Books
 o - a book of Frost

   Spells                             Type                      Level
   a - Freeze                         Ice                          1
   b - Throw Frost                    Conjuration/Ice              2
   c - Ozocubu's Armour               Charms/Ice                   3
   d - Throw Icicle                   Conjuration/Ice              4
   e - Summon Ice Beast               Ice/Summoning                4
   Trog disapproves of the use of such an item.
Comestibles
 s - 2 chunks of flesh


   Skills:
 - Level 8.9 Fighting
 + Level 12.6 Polearms
 - Level 1.3 Armour
 + Level 5.8 Dodging


You had 8 spell levels left.
You didn't know any spells.

Dungeon Overview and Level Annotations

Branches:
Dungeon (8/15)             Temple (0/1) D:7
   Lair: D:8-11

Altars:
Ashenzari
Fedhas
Gozag
Kikubaaqudgha
Makhleb
Nemelex Xobeh
Okawaru
Pakellas
Trog
Vehumet
Xom
Zin

Shops:
D:8 ?

Annotations:
D:8 Gastronok, Maurice


Message History

You hit Gastronok.
Gastronok is heavily wounded.
You puncture Gastronok!
Gastronok is heavily wounded.
You puncture Gastronok!
Gastronok is heavily wounded.
Gastronok bites you!!
* * * LOW HITPOINT WARNING * * *
You hit Gastronok but do no damage.
Gastronok is heavily wounded.
You hit Gastronok.
Gastronok is heavily wounded.
You puncture Gastronok!
Gastronok is severely wounded.
You puncture Gastronok!
Gastronok is severely wounded.
Gastronok is buffeted by a sudden breeze.
Gastronok waves his eye-stalks in wide circles.
The air twists around and strikes you!
You die...

#. #.# #....... #.
#.# ....... #.####
##.##..#.....
#....###......##....
#....#..<...$.#.....
#....#.##..####.....
#......##..# #....<
#..w..###..# #.....
#..@.## ##.# #.#...
#...)# .. .. ###.
#$......# ##.. ..
#.....### #.#
#.....# .. ###...#
.# #.### #.# .#


You could see Gastronok.

Vanquished Creatures
  Grinder (D:3)
  A hungry ghost (D:7)
  An orc warrior (D:8)
  A sky beast (D:5)
  A wasp (D:7)
  3 ogres
  A centaur (D:6)
  A big kobold (D:7)
  4 giant frogs
  A howler monkey (D:6)
  2 crimson imps
  2 hounds
  4 jellies
  4 orc priests (D:8)
  5 orc wizards
  3 worker ants
  Robin (D:4)
  9 adders
  A gnoll (D:4)
  8 river rats
  A shadow imp (D:5)
  An ooze (D:3)
  7 worms
  5 giant geckos
  9 orcs
  7 ball pythons
  3 giant cockroaches
  14 goblins
  11 hobgoblins
  12 jackals
  7 quokkas
  8 bats
  4 giant newts
  25 kobolds
  A quokka zombie (D:5)
  25 rats
194 creatures vanquished.

Vanquished Creatures (others)
  A hungry ghost (D:3)
1 creature vanquished.

Grand Total: 195 creatures vanquished

Notes
Turn   | Place    | Note
--------------------------------------------------------------
     0 | D:1      | Kloppie the Merfolk Berserker began the quest for the Orb.
     0 | D:1      | Reached XP level 1. HP: 18/18 MP: 1/1
   245 | D:1      | Reached XP level 2. HP: 24/24 MP: 2/2
   796 | D:1      | Reached skill level 5 in Polearms
  1179 | D:2      | Reached XP level 3. HP: 30/30 MP: 3/3
  1196 | D:2      | Reached ** piety under Trog
  1948 | D:2      | Reached XP level 4. HP: 35/38 MP: 4/4
  2184 | D:2      | Reached skill level 6 in Polearms
  2677 | D:3      | Noticed Grinder
  2700 | D:3      | Killed Grinder
  2700 | D:3      | Reached skill level 5 in Fighting
  2700 | D:3      | Reached skill level 7 in Polearms
  2700 | D:3      | Reached XP level 5. HP: 12/46 MP: 5/5
  2700 | D:3      | Reached XP level 6. HP: 14/52 MP: 6/6
  2902 | D:3      | Reached skill level 8 in Polearms
  2903 | D:3      | Found a blossoming altar of Fedhas.
  2903 | D:3      | Found an ancient bone altar of Kikubaaqudgha.
  3603 | D:3      | Found an oddly glowing altar of Pakellas.
  3603 | D:3      | Noticed a hungry ghost
  3611 | D:3      | Killed a hungry ghost
  3714 | D:4      | Noticed Robin
  3746 | D:4      | Killed Robin
  3824 | D:4      | Reached *** piety under Trog
  3959 | D:4      | Reached XP level 7. HP: 20/59 MP: 7/7
  4429 | D:4      | Reached skill level 9 in Polearms
  4727 | D:4      | Found a bloodstained altar of Trog.
  4728 | D:4      | Found an iron altar of Okawaru.
  4867 | D:5      | Entered Level 5 of the Dungeon
  5345 | D:5      | Reached XP level 8. HP: 53/67 MP: 8/8
  5432 | D:5      | Reached skill level 10 in Polearms
  5769 | D:6      | Found a radiant altar of Vehumet.
  5770 | D:6      | Found a shattered altar of Ashenzari.
  5771 | D:6      | Found a burning altar of Makhleb.
  5773 | D:6      | Found an oddly glowing altar of Pakellas.
  5773 | D:6      | Found a glowing silver altar of Zin.
  5874 | D:6      | Received a gift from Trog
  5881 | D:6      | Found a glowing drain.
  5909 | Sewer    | Entered a sewer
  6167 | Sewer    | Reached **** piety under Trog
  6748 | D:6      | Found a shimmering altar of Xom.
  6748 | D:6      | Found a shimmering altar of Xom.
  7359 | D:7      | Found a staircase to the Ecumenical Temple.
  7422 | D:7      | Reached skill level 11 in Polearms
  8100 | D:7      | Paralysed by a wasp for 2 turns
  8117 | D:7      | Reached XP level 9. HP: 42/75 MP: 2/9
  8812 | D:8      | Reached skill level 12 in Polearms
  8860 | D:8      | Reached skill level 5 in Dodging
  8861 | D:8      | Reached ***** piety under Trog
  9274 | D:8      | Found a sparkling altar of Nemelex Xobeh.
  9324 | D:8      | Found an opulent altar of Gozag.
  9324 | D:8      | Noticed Maurice
  9485 | D:8      | Found Reanapn's Magic Scroll Shop.
  9517 | D:8      | Noticed Gastronok
  9541 | D:8      | Killed from afar by Gastronok

Skill      XL: |  1  2  3  4  5  6  7  8  9 |
---------------+----------------------------+-----
Polearms       | 5 7 8 9 11 12 | 12.6
Fighting       | 4 5 6 7 8 |  8.9
Dodging        | 4 5 |  5.8
Armour         | |  1.3

Action                   |  1- 3 |  4- 6 |  7- 9 || total
-------------------------+-------+-------+-------++-------
Melee: Spear             |   162 |   227 |   645 ||  1034
       Tailslap          |       |       |     3 ||     3
Invok: Berserk           |     2 |     5 |     8 ||    15
       Trog's Hand       |       |     2 |     3 ||     5
  Use: Scroll            |       |       |    10 ||    10
       Potion            |       |       |     5 ||     5
 Stab: Sleeping          |     3 |       |       ||     3
  Eat: Chunk             |     5 |    11 |    15 ||    31
       Bread ration      |       |       |     4 ||     4
       Beef jerky        |       |       |     2 ||     2
       Meat ration       |       |       |     1 ||     1
Armor: Animal skin       |    10 |       |       ||    10
       Ring mail         |    14 |       |       ||    14
       Scale mail        |     3 |    43 |   189 ||   235
Dodge: Dodged            |    63 |    81 |   197 ||   341
